 Seeded DCSS version 0.29.1-15-g9cfb28693d (webtiles) character file.

Game seed: 11851575853161599096 (custom seed)

191628 Sanktem7 the Severer (level 17, -5/163 HPs)
             Began as a Minotaur Fighter on Mar 13, 2023.
             Was the Champion of Okawaru.
             Drowned by a water nymph (12 damage)
             ... on level 4 of the Shoals on Mar 14, 2023.
             The game lasted 01:27:50 (34100 turns).

Sanktem7 the Severer (Minotaur Fighter)            Turns: 34100, Time: 01:27:50

Health: -5/163     AC: 43    Str: 29    XL:     17   Next: 58%
Magic:  0/8        EV: 11    Int:  9    God:    Okawaru [******]
Gold:   1463       SH: 24    Dex: 15    Spells: 16/16 levels left

rFire   + . .      SeeInvis .   B - +8 broad axe of Bloodstone {antimagic, rElec, axethrowing}
rCold   + . .      Faith    .   u - +3 tower shield {reflect}
rNeg    . . .      Spirit   +   v - +15 Maxwell's patent armour {-Cast -Tele rElec Will+ rCorr}
rPois   .          Reflect  +   (helmet restricted)
rElec   +          Harm     .   f - +2 cloak of the Equator {Drain Str+5 Int+2}
rCorr   +          Rampage  .   y - +1 pair of gloves of Jythregy {Int+2}
Will    +++++      NoTele   +   N - +2 pair of boots "Mufud" {rF+ Dex+3}
Stlth   .......... NoCast   +   H - amulet of the Distant Future {Spirit -Cast Will+++ Str-3 Stlth+}
HPRegen 0.37/turn               m - +4 ring of slaying
MPRegen 0.11/turn               q - +4 ring of evasion

@: studying 2 skills, very slow
A: horns 2, retaliatory headbutt, cold resistance 1, high MP 1, subdued magic 1
}: 1/15 runes: serpentine
a: Renounce Religion, Heroism, Finesse, Duel


You were on level 4 of the Shoals.
You worshipped Okawaru.
Okawaru was exalted by your worship.
You visited 7 branches of the dungeon, and saw 32 of its levels.
You also visited: Volcano.

You collected 4431 gold pieces.
You spent 2968 gold pieces at shops.


Innate Abilities, Weirdness & Mutations

You have a pair of horns on your head.
You reflexively headbutt those who attack you in melee.
Your flesh is cold resistant. (rC+)
You have an increased reservoir of magic. (+10% MP)
Your spells are a little easier to cast, but a little less powerful.


   Skills:
 * Level 17.6 Fighting
 - Level 19.8 Axes
 - Level 10.0 Throwing
 + Level 17.0 Armour
 + Level 19.0 Shields
 + Level 9.3 Invocations
 + Level 3.3 Evocations


You had 16 spell levels left.
You didn't know any spells.
Your spell library contained the following spells:

 Spells                   Type           Power      Damage    Failure   Level
 Apportation              Tloc           0%         N/A       99%         1
 Magic Dart               Conj           0%         1d3       99%         1
 Necrotise                Necr           0%         1d4       99%         1
 Sandblast                Erth           0%         2d4       99%         1
 Shock                    Conj/Air       0%         1d3       99%         1
 Passwall                 Tmut/Erth      0%         N/A       100%        2
 Searing Ray              Conj           0%         2d4       100%        2
 Static Discharge         Conj/Air       0%         3-3/arc   100%        2
 Dazzling Flash           Conj/Hex       0%         N/A       100%        3
 Gell's Gravitas          Tloc           0%         N/A       100%        3
 Lesser Beckoning         Tloc           0%         N/A       100%        3
 Swiftness                Air            0%         N/A       100%        3
 Teleport Other           Tloc           0%         N/A       100%        3
 Vampiric Draining        Necr           0%         2d6       100%        3
 Airstrike                Air            0%         2d(0-16)  100%        4
 Anguish                  Hex/Necr       0%         N/A       100%        4
 Fulminant Prism          Conj/Hex       0%         3d6       100%        4
 Hailstorm                Conj/Ice       0%         3d3       100%        4
 Ice Form                 Ice/Tmut       0%         N/A       100%        4
 Iskenderun's Mystic Bla  Conj/Tloc      0%         2d3       100%        4
 Agony                    Necr           0%         N/A       100%        5
 Alistair's Intoxication  Tmut/Pois      0%         N/A       100%        5
 Borgnjor's Vile Clutch   Necr/Erth      0%         N/A       100%        5
 Iskenderun's Battlesphe  Conj           0%         2d6       100%        5
 Lee's Rapid Deconstruct  Erth           0%         3d5*      100%        5
 Lightning Bolt           Conj/Air       0%         1d11      100%        5
 Dispersal                Tloc           0%         N/A       100%        6
 Eringya's Noxious Bog    Tmut/Pois      0%         N/A       100%        6
 Iron Shot                Conj/Erth      0%         9d1       100%        6
 Starburst                Conj/Fire      0%         6d3       100%        6
 Statue Form              Tmut/Erth      0%         N/A       100%        6
 Enfeeble                 Hex            0%         N/A       100%        7
 Disjunction              Tloc           0%         N/A       100%        8
 Maxwell's Capacitive Co  Air            0%         ∞         100%        8
 Summon Small Mammal      Summ           Unusable   N/A       N/A         1
 Simulacrum               Ice/Necr       Unusable   N/A       N/A         6
 Spellforged Servitor     Conj/Summ      Unusable   N/A       N/A         7

Inventory:

Hand Weapons
 h - a +3 double sword of holy wrath {longrare=g}
   (You took it off Donald on level 3 of the Snake Pit)
 B - the +8 broad axe of Bloodstone (weapon) {antimagic, rElec, axethrowing}
   (Okawaru gifted it to you on level 4 of the Snake Pit)

   It reduces the magical energy of the wielder, and disrupts the spells and
   magical abilities of those it strikes.
   Natural abilities and divine invocations are not affected.
   rElec:     It insulates you from electricity.
 J - a +3 whip of flaming {mace}
   (You took it off a gnoll bouda on level 8 of the Dungeon)
 K - a +4 rapier of protection {short}
   (Okawaru gifted it to you on level 4 of the Shoals)
 U - the +1 broad axe of the Twenty Wonders {pain, *Noise rElec rC+++ rN+, axe}
   (You found it on level 4 of the Lair of Beasts)

   In the hands of one skilled in necromantic magic, it inflicts extra damage on
   living creatures.
   rC:        It renders you almost immune to cold.
   rElec:     It insulates you from electricity.
   rN:        It protects you from negative energy.
   *Noise:    It may make noises in combat.
Missiles
 b - 31 poisoned darts (quivered) {throwing}
 e - 3 silver boomerangs {throwing}
 l - 3 atropa-tipped darts {throwing}
 M - 6 silver javelins {throwing}
 Q - a javelin {throwing}
 W - 11 boomerangs {throwing}
Armour
 f - the +2 cloak of the Equator (worn) {Drain Str+5 Int+2}
   (Okawaru gifted it to you on level 1 of the Lair of Beasts)

   Str:       It affects your strength (+5).
   Int:       It affects your intelligence (+2).
   Drain:     It drains your maximum health when unequipped.
 u - a +3 tower shield of reflection (worn)
   (You took it off a naga warrior on level 1 of the Snake Pit)
 v - the +15 Maxwell's patent armour (worn) {-Cast -Tele rElec Will+ rCorr}
   (You found it on level 3 of the Dungeon)

   rElec:     It insulates you from electricity.
   -Cast:     It prevents spellcasting.
   -Tele:     It prevents most forms of teleportation.
   rCorr:     It protects you from acid and corrosion.
   Will:      It increases your willpower.
 y - the +1 pair of gloves of Jythregy (worn) {Int+2}
   (You acquired it on level 6 of the Dungeon)

   Int:       It affects your intelligence (+2).
 N - the +2 pair of boots "Mufud" (worn) {rF+ Dex+3}
   (Okawaru gifted it to you on level 2 of the Orcish Mines)

   Dex:       It affects your dexterity (+3).
   rF:        It protects you from fire.
Jewellery
 m - a +4 ring of slaying (left hand)
   (You found it on level 1 of the Dungeon)
 q - a +4 ring of evasion (right hand)
   (You found it on level 2 of the Dungeon)
 H - the amulet of the Distant Future (around neck) {Spirit -Cast Will+++ Str-3 Stlth+}
   (You found it on level 5 of the Lair of Beasts)

   [amulet of guardian spirit]

   It causes incoming damage to be divided between your reserves of health and
   magic.
   Str:       It affects your strength (-3).
   -Cast:     It prevents spellcasting.
   Will:      It greatly increases your willpower.
   Stlth:     It makes you more stealthy.
 Y - a ring of poison resistance
   (You found it on level 12 of the Dungeon)
Wands
 t - a wand of iceblast (5)
   (You found it on level 3 of the Snake Pit)
 x - a wand of paralysis (52)
   (You found it on level 4 of the Dungeon)
 C - a wand of digging (2)
   (You found it on level 2 of the Lair of Beasts)
 F - a wand of flame (85)
   (You found it on level 6 of the Dungeon)
Scrolls
 a - 10 scrolls of identify {@r1}
 g - 4 scrolls of blinking {!r}
 i - 12 scrolls of teleportation {@r4}
 j - 4 scrolls of poison {!r}
 k - 2 scrolls of noise {!r}
 o - 6 scrolls of vulnerability {!r!r}
 z - 5 scrolls of fog
 A - a scroll of fear
 R - 3 scrolls of immolation {!r!r}
 V - 2 scrolls of magic mapping {!r}
 Z - a scroll of silence {!r}
Potions
 c - 2 potions of resistance
 d - 5 potions of might
 n - 3 potions of magic
 p - 6 potions of brilliance
 r - 11 potions of curing {@q1}
 s - 8 potions of haste {@q3}
 w - 4 potions of flight
 D - 2 potions of berserk rage {!q}
 E - 5 potions of lignification {!q}
 G - 4 potions of attraction {!q}
 I - 4 potions of invisibility
 O - 3 potions of ambrosia
 P - a potion of heal wounds {@q2}
 T - 4 potions of degeneration {!q@e2}
 X - 2 potions of cancellation
Miscellaneous
 L - a phial of floods
   (You found it on level 5 of the Lair of Beasts)

Dungeon Overview and Level Annotations

Branches:
Dungeon (15/15) Zot: 24035  Temple (1/1) D:5 Zot: 5871    Lair (5/5) D:9 Zot: 22913
 Shoals (4/4) Lair:3 Zot: 21199   Snake (4/4) Lair:2 Zot: 17645   Slime (0/5) Lair:5
    Orc (2/2) D:12 Zot: 9530     Elf (1/3) Orc:2 Zot: 5998  Vaults (0/5) D:14
 Depths (0/4) D:15        Volcano (visited)

Altars:
Ashenzari
Cheibriados
Dithmenos
Elyvilon
Fedhas
Gozag
Hepliaklqana
Kikubaaqudgha
Makhleb
Nemelex Xobeh
Okawaru
Qazlal
Ru
Sif Muna
Trog
Uskayaw
Vehumet
Wu Jian
Xom
Yredelemnul
Zin
The Shining One
Jiyva

Shops:
D:4 [   D:5 [   D:7 *   D:15 [   Orc:1 !=?   Orc:2 ((?!   Snake:4 =:=

Annotations:
Shoals:3 3 runed translucent doors, Seidenschwarz's ghost, adept MiFi
Snake:3 Mara

≈≈≈≈≈≈≈≈≈≈≈≈≈≈≈≈≈≈≈≈≈≈
≈≈≈≈≈≈≈≈≈≈≈≈≈≈≈≈≈≈≈≈≈≈≈
≈≈≈≈≈≈≈≈≈≈≈≈≈≈≈≈≈≈≈≈≈≈ ≈
~~~~~~~~~~~~~~~~~~~~≈≈
≈~~~...^...........~~~~≈
~~~..............).<~~~~
~~P..#...<......##...~~~
~~...##PH.......##...~~~
~~.<.~~@~..)..)/)....~~~
~~~..~mmH~#)#[)!.<).~~~~
~~~..mmmm##)#.......~~~~
~~~~~~~m~#)))#)~~~~~~~~~
~~#.#.~C~#.[....#.#.#~~~
~.##..#~~~...#...####.~~
#.......##.##.....~~##~
.~....cc.#'#......~~~#.
.....~.~~m~~.~~~~~~~~~#


You could see 2 merfolk impalers, 2 merfolk javelineers, 2 satyrs, a merfolk, a
cyclops, 2 water nymphs and 2 harpies.


Message History

Moving in this stuff is going to be slow.
The water nymph attacks as you move away!
The water nymph touches you. The water nymph drowns you!
* * * LOW HITPOINT WARNING * * *
The harpy attacks as you move away! The harpy claws you but does no damage.
You block the harpy's attack. x2; The harpy barely misses you.
You block the harpy's attack.
The harpy claws you but does no damage. x3
You block the harpy's attack. x2; The harpy claws you but does no damage.
The harpy closely misses you. 😨 HP[-6]
You take 6 damage, and now have 49/163 hp.
You block the harpy's attack. The harpy claws you.
* * * LOW HITPOINT WARNING * * *
The harpy claws you but does no damage. The harpy closely misses you.
The merfolk javelineer throws a javelin.
The javelin pierces through you.
* * * LOW HITPOINT WARNING * * *
😨 HP[-6]
You take 6 damage, and now have 43/163 hp.
The water nymph attacks as you move away!
The water nymph touches you. The water nymph drowns you!
* * * LOW HITPOINT WARNING * * *
The harpy screeches!
You block the harpy's attack. The harpy claws you but does no damage.
The harpy barely misses you. You block the harpy's attack.
The merfolk impaler hits you but does no damage.
You are poisoned. 😱 HP[-7] MP[-1]
You take 7 damage, and now have 36/163 hp.
You lost 1 mp, and now have 2/8 mp.
You feel sick. You block the harpy's attack.
The harpy claws you but does no damage.
Splash!
You fall into the shallow water.
Moving in this stuff is going to be slow. 😱 HP[-2]
You take 2 damage, and now have 34/163 hp.
You feel sick. You block the harpy's attack.
The harpy claws you but does no damage. x2; You block the harpy's attack.
The water nymph barely misses you. 😱 HP[-1]
You take 1 damage, and now have 33/163 hp.
You feel sick. You block the harpy's attack. x2
Splash!
You fall into the shallow water.
Moving in this stuff is going to be slow.
The merfolk javelineer closely misses you.
You block the merfolk javelineer's attack. 😱 HP[-1]
You take 1 damage, and now have 32/163 hp.
You feel sick.
You are no longer poisoned.
You block the harpy's attack. The harpy claws you.
* * * LOW HITPOINT WARNING * * *
You block the harpy's attack. x2
Splash!
You fall into the shallow water.
Moving in this stuff is going to be slow.
You block the harpy's attack. The harpy closely misses you. x2
You furiously retaliate!
You headbutt the harpy! The harpy claws you but does no damage.
The merfolk javelineer hits you but does no damage.
The water nymph touches you. The water nymph drowns you!
* * * LOW HITPOINT WARNING * * *
The merfolk javelineer throws a javelin.
The javelin completely misses you. 😱 HP[-14] MP[-1]
You take 14 damage, and now have 18/163 hp.
You lost 1 mp, and now have 1/8 mp.
The water nymph attacks as you move away!
You block the water nymph's attack. You block the harpy's attack. x2
The harpy claws you but does no damage. x2
Splash!
You fall into the shallow water.
Moving in this stuff is going to be slow.
The water nymph gestures at you while chanting.
The water swirls and strikes you.
The merfolk javelineer closely misses you.
The water nymph touches you. The water nymph drowns you!
* * * LOW HITPOINT WARNING * * *
😱 HP[-12] MP[-1]
You take 12 damage, and now have 6/163 hp.
You lost 1 mp, and now have 0/8 mp.
You feel much better. The harpy claws you but does no damage.
The harpy claws you.
* * * LOW HITPOINT WARNING * * *
You block the merfolk javelineer's attack.
The merfolk impaler completely misses you.
The harpy claws you.
* * * LOW HITPOINT WARNING * * *
You block the harpy's attack.
The merfolk hits you but does no damage.
The water nymph casts a spell at you. The water swirls and strikes you!
* * * LOW HITPOINT WARNING * * *
You block the merfolk javelineer's attack.
The water nymph touches you.
* * * LOW HITPOINT WARNING * * *
The water nymph drowns you!
You die...

Skill      XL: |  1  2  3  4  5  6  7  8  9 10 11 12 13 14 15 16 17 |
---------------+----------------------------------------------------+-----
Axes           | 3 4 5 6 7 9 10 12 14 15 17 19 | 19.8
Armour         | 4 5 6 7 8 9 10 11 13 14 15 16 17 | 17.0
Fighting       | 4 5 6 7 8 9 10 11 13 14 15 16 17 | 17.6
Shields        | 4 5 6 7 8 9 10 11 12 14 15 18 19 | 19.0
Invocations    | 2 4 5 6 8 9 |  9.3
Throwing       | 1 4 6 8 9 10 | 10.0
Evocations     | 3 |  3.3

Action                   |  1- 3 |  4- 6 |  7- 9 | 10-12 | 13-15 | 16-18 || total
-------------------------+-------+-------+-------+-------+-------+-------++-------
Melee: War axe           |    97 |    76 |   174 |   386 |    12 |       ||   745
       Headbutt          |    16 |     8 |    30 |    85 |   281 |   201 ||   621
       Hand axe          |       |       |       |    11 |       |       ||    11
       Broad axe         |       |       |       |       |  1055 |   770 ||  1825
       Whip              |       |       |       |       |    35 |       ||    35
Throw: Dart              |       |       |       |    16 |     2 |    13 ||    31
       Javelin           |       |       |       |       |     5 |       ||     5
Invok: Heroism           |       |       |       |       |     1 |       ||     1
  Use: Scroll            |       |       |    14 |    10 |     9 |     5 ||    38
       Potion            |       |       |     3 |       |    10 |     4 ||    17
Armor: Scale mail        |    40 |       |       |       |       |       ||    40
       Plate armour      |       |    46 |    95 |   189 |   623 |   413 ||  1366
Dodge: Dodged            |    47 |    17 |    65 |   131 |   340 |   241 ||   841
Block: Buckler           |    11 |    21 |    47 |   178 |   163 |       ||   420
       Reflection        |       |       |       |    11 |     1 |   126 ||   138
       Tower shield      |       |       |       |       |   585 |  1013 ||  1598

Levels and vault maps discovered:
D:1:      lightli_iron_boxes, layout_basic
D:2:      layout_rooms, shapermc_ecumenical_altar_flowoftime
D:3:      layout_basic, uniq_natasha
D:4:      layout_rooms, serial_shops, nicolae_take_the_stairs,
          uniq_blork_the_orc
D:5:      layout_basic, minmay_temple_entry_stoned_glass, serial_shops,
          nicolae_lakefront_shop, grunt_ministairs_2,
          minmay_misc_feat_more_columns, kennysheep_generic_room_15
D:6:      layout_basic, serial_rivers, chequers_serial_rivers_small_a,
          chequers_serial_rivers_micro_c, chequers_serial_rivers_micro_d,
          chequers_serial_rivers_micro_b, chequers_serial_rivers_small_a
D:7:      layout_basic, chequers_temple_overflow_statue_of_worship,
          serial_shops, shop_statue, hellmonk_ghost_happy_afterlife,
          uniq_duvessa, uniq_joseph
D:8:      layout_loops_ring, amcnicky_altar_gilded, guppyfry_early_elven_hall,
          uniq_maurice
D:9:      kennysheep_blocky_room, layout_long_grid, erik_lair_orcish_takeover
D:10:     layout_stronghold, uniq_josephine, uniq_grum
D:11:     layout_stronghold, gauntlet_entry_generic, minmay_misc_feat_cross,
          serial_bayou_lake_a
D:12:     layout_roguey, zombieorc1_lemuel, chequers_serial_rivers_micro_c,
          nzn_sisyphean_effort
D:13:     layout_loops_ring
D:14:     layout_small_grid, david_vaults_5, serial_park_square2
D:15:     gammafunk_depths_entry_grave, layout_rooms, minivault_14,
          nicolae_hexahallways, minmay_shop_chei
Temple:   compressed_dpeg_circular_temple
Lair:1:   layout_regular_city, st_stairs_13, chequers_serial_rivers_room_a,
          serial_bayou_shore_a, grunt_megastairs_4, uniq_sonja
Lair:2:   layout_layer_cave, minmay_snake_entry_six_corridors,
          grunt_megastairs_1, uniq_maggie
Lair:3:   layout_roguey, elwin_shoals_entry_stream,
          chequers_serial_rivers_micro_d, minivault_19, grunt_megastairs_3
Lair:4:   layout_regular_city, gammafunk_lair_bear_cave,
          infiniplex_staircase_pool, serial_bayou_shore_b
Lair:5:   hangedman_lair_tendril_chambers, layout_misc_corridors,
          guppyfry_lair_end_dragon, slime_entry_1,
          nicolae_lair_run_with_the_wolves, infiniplex_staircase_pool_2,
          serial_bayou_shore_b
Shoals:1: layout_shoals
Shoals:2: layout_shoals, uniq_polyphemus
Shoals:3: layout_shoals, gammafunk_ghost_necromancy
Shoals:4: shoals_end_hellmonk_lost_city
Snake:1:  layout_gridlike, uniq_kirke, uniq_roxanne
Snake:2:  layout_grid_shapes, basic_altar
Snake:3:  layout_misc_corridors, grunt_ministairs_7, uniq_mara, uniq_aizul,
          uniq_donald
Snake:4:  minmay_snake_end_coiled, layout_chambers, minmay_shop_grove
Orc:1:    layout_caves, nicolae_volcano_entry_two_sided, basic_altar,
          serial_shops, shop, shop, shop
Orc:2:    st_orc_ogre_mass, layout_diamond_mine, uniq_saint_roka
Elf:1:    eino_elf_arrival_shootout, layout_loops_corners,
          gammafunk_ghost_berserking_beasts, orc_legates,
          serial_sigils_hangedman_confine, glass_columns_a

Notes
Turn   | Place    | Note
-------+----------+-------------------------------------------
     0 | D:1      | Sanktem7 the Minotaur Fighter began the quest for the Orb.
     0 | D:1      | Reached XP level 1. HP: 19/19 MP: 0/0
     0 | D:1      | magus.rc [v1.9.6]
   211 | D:1      | Reached XP level 2. HP: 27/27 MP: 1/1
   233 | D:1      | Reached skill level 3 in Axes
   371 | D:1      | Reached skill level 4 in Armour
   401 | D:1      | Reached skill level 4 in Fighting
   426 | D:1      | Reached XP level 3. HP: 16/33 MP: 2/2
   429 | D:1      | Reached skill level 4 in Shields
   735 | D:1      | You pick up a book of Power and begin reading...
   735 | D:1      | You add the spells Iskenderun's Battlesphere, Iron Shot and
                  | Spellforged Servitor to your library.
  1260 | D:2      | Found a faded altar of an unknown god.
  1666 | D:3      | Found the +15 Maxwell's patent armour {-Cast -Tele rElec
                  | Will+ rCorr}
  1690 | D:3      | Reached XP level 4. HP: 40/40 MP: 3/3
  1938 | D:3      | Noticed Natasha
  1944 | D:3      | Killed Natasha
  1945 | D:3      | Reached skill level 4 in Axes
  1962 | D:3      | Noticed Natasha
  1968 | D:3      | Killed Natasha
  2142 | D:3      | You pick up a book of Air and begin reading...
  2142 | D:3      | You add the spells Shock, Swiftness and Airstrike to your
                  | library.
  2301 | D:4      | Reached XP level 5. HP: 47/47 MP: 4/4
  2313 | D:4      | Noticed Blork the orc
  2325 | D:4      | Killed Blork the orc
  2326 | D:4      | Reached skill level 5 in Axes
  2561 | D:4      | Reached skill level 5 in Fighting
  2561 | D:4      | Reached XP level 6. HP: 56/56 MP: 5/5
  2577 | D:4      | Found Kagucra's Armour Boutique.
  2702 | D:4      | Reached skill level 5 in Armour
  2702 | D:4      | Reached skill level 5 in Shields
  2820 | D:5      | Entered Level 5 of the Dungeon
  2976 | D:5      | Found Ozadgha's Antique Armour Boutique.
  2988 | D:5      | Bought a cloak for 144 gold pieces
  3027 | D:5      | Reached skill level 6 in Axes
  3027 | D:5      | Reached XP level 7. HP: 61/61 MP: 6/6
  3225 | D:5      | Found a staircase to the Ecumenical Temple.
  3236 | Temple   | Entered the Ecumenical Temple
  3729 | D:5      | You add the spells Alistair's Intoxication, Borgnjor's Vile
                  | Clutch and Eringya's Noxious Bog to your library.
  4134 | D:6      | Reached skill level 6 in Fighting
  4134 | D:6      | Reached skill level 7 in Axes
  4170 | D:6      | Reached skill level 6 in Armour
  4175 | D:6      | Reached skill level 6 in Shields
  4195 | D:6      | You pick up a book of Lightning and begin reading...
  4195 | D:6      | You add the spells Static Discharge, Lightning Bolt and
                  | Maxwell's Capacitive Coupling to your library.
  4376 | D:6      | Reached XP level 8. HP: 70/70 MP: 7/7
  4913 | D:6      | Identified a scroll of acquirement
  4913 | D:6      | Acquired the +1 pair of gloves of Jythregy {Int+2}
  4994 | D:7      | Found Cyud's General Store.
  5075 | D:7      | Reached skill level 8 in Axes
  5076 | D:7      | Bought a scroll of identify for 26 gold pieces
  5077 | D:7      | Identified the +1 scale mail of Varoxzih {+Blink Int+5}
  5092 | D:7      | Reached skill level 7 in Fighting
  5227 | D:7      | Noticed Duvessa
  5232 | D:7      | Noticed Dowan
  5241 | D:7      | Killed Duvessa
  5242 | D:7      | Reached skill level 7 in Armour
  5242 | D:7      | Killed Dowan
  5243 | D:7      | Reached skill level 7 in Shields
  5307 | D:7      | Found an iron altar of Okawaru.
  5308 | D:7      | Found a hide-covered altar of Uskayaw.
  5310 | D:7      | Found an ornate altar of the Wu Jian Council.
  5317 | D:7      | Became a worshipper of Warmaster Okawaru
  5562 | D:7      | Found a runed translucent door.
  5562 | D:7      | Noticed Seidenschwarz's ghost (novice MiFi)
  5657 | D:7      | Reached skill level 9 in Axes
  5912 | D:7      | Noticed Joseph
  5918 | D:7      | Killed Joseph
  5919 | D:7      | Reached XP level 9. HP: 72/79 MP: 8/8
  5930 | D:7      | You cannot blink because you are wearing the +15 Maxwell's
                  | patent armour {-Cast -Tele rElec Will+ rCorr}.
  5936 | D:7      | Gained mutation: Your flesh is cold resistant. (rC+)
                  | [potion of mutation]
  5936 | D:7      | Gained mutation: Your spells are a little easier to cast,
                  | but a little less powerful. [potion of mutation]
  5936 | D:7      | Gained mutation: You have an increased reservoir of magic.
                  | (+10% MP) [potion of mutation]
  6059 | D:7      | Identified the amulet "Kisy" {Reflect Int+4 SH+5}
  6115 | D:7      | Killed Seidenschwarz's ghost
  6115 | D:7      | Reached * piety under Okawaru
  6115 | D:7      | HP: 19/79 [poisoned by Seidenschwarz's ghost]
  6349 | D:8      | Found a basalt altar of Yredelemnul.
  6438 | D:8      | Reached skill level 10 in Axes
  6477 | D:8      | Noticed Maurice
  6486 | D:8      | Killed Maurice
  6486 | D:8      | Reached ** piety under Okawaru
  6487 | D:8      | Reached skill level 8 in Fighting
  6487 | D:8      | Reached skill level 8 in Armour
  6487 | D:8      | Reached skill level 1 in Invocations
  6494 | D:8      | Reached skill level 8 in Shields
  6646 | D:8      | Reached skill level 2 in Invocations
  6664 | D:8      | Reached XP level 10. HP: 71/90 MP: 12/12
  6813 | D:8      | Reached skill level 11 in Axes
  6888 | D:8      | Reached *** piety under Okawaru
  6899 | D:8      | Noticed a deep elf pyromancer
  6907 | D:8      | Killed a deep elf pyromancer
  6908 | D:8      | Reached skill level 3 in Invocations
  7474 | D:9      | Reached skill level 9 in Fighting
  7474 | D:9      | Reached skill level 9 in Armour
  7572 | D:9      | Reached skill level 9 in Shields
  7592 | D:9      | Noticed a wizard
  7601 | D:9      | Noticed a manticore
  7608 | D:9      | Killed a manticore
  7608 | D:9      | Reached **** piety under Okawaru
  7609 | D:9      | Reached skill level 12 in Axes
  7610 | D:9      | Killed a wizard
  7611 | D:9      | Reached skill level 4 in Invocations
  8109 | D:9      | Reached ***** piety under Okawaru
  8241 | D:9      | Reached XP level 11. HP: 97/97 MP: 14/14
  8318 | D:9      | Found a staircase to the Lair.
  8773 | D:10     | Entered Level 10 of the Dungeon
  8823 | D:10     | You pick up a book of the Warp and begin reading...
  8823 | D:10     | You add the spells Dispersal and Disjunction to your
                  | library.
  9085 | D:10     | Noticed Grum
  9089 | D:10     | Reached skill level 13 in Axes
  9091 | D:10     | Reached skill level 5 in Invocations
  9098 | D:10     | Killed Grum
  9099 | D:10     | Reached skill level 10 in Fighting
  9099 | D:10     | Reached skill level 10 in Armour
  9253 | D:10     | Acquired 684 gold pieces
  9374 | D:10     | Reached skill level 10 in Shields
  9715 | D:10     | Noticed Josephine
  9720 | D:10     | Killed Josephine
  9720 | D:10     | Reached ****** piety under Okawaru
  9906 | Lair:1   | Entered Level 1 of the Lair of Beasts
  9912 | Lair:1   | Reached skill level 14 in Axes
  9935 | Lair:1   | You pick up a book of the Tundra and begin reading...
  9935 | Lair:1   | You add the spells Hailstorm and Ice Form to your library.
  9949 | Lair:1   | Identified the +2 cloak of the Equator {Drain Str+5 Int+2}
                  | (Okawaru gifted it to you on level 1 of the Lair of Beasts)
  9949 | Lair:1   | Received a gift from Okawaru
  9988 | Lair:1   | You pick up a book of Necromancy and begin reading...
  9988 | Lair:1   | You add the spells Necrotise, Vampiric Draining and Agony
                  | to your library.
 10027 | Lair:1   | Noticed Sonja
 10046 | Lair:1   | Killed Sonja
 10217 | Lair:1   | Reached skill level 1 in Throwing
 10572 | Lair:1   | Reached XP level 12. HP: 108/108 MP: 16/16
 10950 | Lair:2   | Noticed Maggie
 10964 | Lair:2   | Killed Maggie
 10997 | Lair:2   | Identified the +6 hand axe of Bankruptcy {holy, rN+ Str+5
                  | Dex+2}
 11046 | Lair:2   | Reached skill level 2 in Throwing
 11135 | Lair:2   | Reached skill level 11 in Fighting
 11139 | Lair:2   | Found a staircase to the Snake Pit.
 11144 | Lair:2   | Reached skill level 11 in Armour
 11156 | Lair:2   | Reached skill level 11 in Shields
 11235 | Lair:2   | Reached skill level 3 in Throwing
 11533 | Lair:2   | Reached skill level 15 in Axes
 11622 | Lair:2   | You add the spells Gell's Gravitas and Teleport Other to
                  | your library.
 12361 | Lair:3   | Reached skill level 4 in Throwing
 12506 | Lair:3   | Received a gift from Okawaru
 12585 | Lair:3   | Found a staircase to the Shoals.
 12697 | Lair:3   | Received a gift from Okawaru
 12711 | Lair:3   | You pick up a book of Maledictions and begin reading...
 12711 | Lair:3   | You add the spells Anguish and Enfeeble to your library.
 13306 | Lair:4   | Reached XP level 13. HP: 117/117 MP: 17/17
 13307 | Lair:4   | Received a gift from Okawaru
 13309 | Lair:4   | Reached skill level 16 in Axes
 13377 | Lair:4   | Reached skill level 12 in Fighting
 13377 | Lair:4   | Reached skill level 12 in Armour
 13550 | Lair:4   | Identified the +1 broad axe of the Twenty Wonders {pain,
                  | *Noise rElec rC+++ rN+}
 13711 | Lair:4   | Reached skill level 12 in Shields
 13717 | Lair:4   | Received a gift from Okawaru
 14134 | Lair:5   | Entered Level 5 of the Lair of Beasts
 14142 | Lair:5   | Reached skill level 5 in Throwing
 14233 | Lair:5   | Identified the +0 pair of boots of Death Resistance {Int+2}
                  | (Okawaru gifted it to you on level 5 of the Lair of Beasts)
 14233 | Lair:5   | Received a gift from Okawaru
 14840 | Lair:5   | Reached skill level 17 in Axes
 15003 | Lair:5   | Reached skill level 6 in Throwing
 15106 | Lair:5   | Found a viscous altar of Jiyva.
 15107 | Lair:5   | Found a staircase to the Slime Pits.
 15107 | Lair:5   | Found the +11 plutonium sword {Contam Stlth-}
 15132 | Lair:5   | Reached skill level 13 in Armour
 15165 | Lair:5   | Reached skill level 13 in Fighting
 15327 | Lair:5   | Reached XP level 14. HP: 129/129 MP: 18/18
 15451 | Lair:5   | Reached skill level 13 in Shields
 15504 | Lair:5   | Identified the -2 tower shield "Faniko" {Str+3} (Okawaru
                  | gifted it to you on level 5 of the Lair of Beasts)
 15504 | Lair:5   | Received a gift from Okawaru
 15541 | Lair:5   | You pick up a book of Displacement and begin reading...
 15968 | Lair:5   | Found the +4 robe of Folly {Brilliance Will-∞ Int+8}
 15981 | Lair:5   | HP: 32/129 [poisoned by a swamp dragon (poison gas)]
 16339 | Lair:5   | Identified the amulet of the Distant Future {Spirit -Cast
                  | Will+++ Str-3 Stlth+}
 16746 | D:11     | You pick up a book of Conjurations {@e2} and begin
                  | reading...
 16746 | D:11     | You add the spells Magic Dart, Searing Ray and Fulminant
                  | Prism to your library.
 16985 | D:11     | Identified the +1 leather armour of Brilliance {*Slow +Inv
                  | Int+4}
 17236 | D:11     | Reached skill level 18 in Axes
 17377 | D:11     | Reached skill level 7 in Throwing
 17651 | D:12     | Found a staircase to the Orcish Mines.
 18304 | D:12     | You fall into a shaft and drop 3 floors!
 18304 | D:15     | Entered Level 15 of the Dungeon
 18587 | D:14     | Identified the +2 chain mail of Rykaon {Rampage rF+}
                  | (Okawaru gifted it to you on level 14 of the Dungeon)
 18587 | D:14     | Received a gift from Okawaru
 19397 | D:13     | You pick up a book of Cantrips and begin reading...
 19868 | Orc:1    | Entered Level 1 of the Orcish Mines
 19884 | Orc:1    | Found a radiant altar of Vehumet.
 20105 | Orc:1    | Reached skill level 14 in Fighting
 20111 | Orc:1    | Found a dark tunnel.
 20121 | Volcano  | Entered a volcano
 20185 | Volcano  | Reached skill level 14 in Armour
 20208 | Volcano  | Reached skill level 8 in Throwing
 20222 | Volcano  | Reached skill level 19 in Axes
 20222 | Volcano  | Reached skill level 14 in Shields
 20223 | Volcano  | Reached XP level 15. HP: 77/138 MP: 14/19
 20675 | Orc:1    | Found Eruozoi's Jewellery Shoppe.
 20725 | Orc:1    | Found Womemuts's Distillery.
 20769 | Orc:1    | Found Wumyrah's Magic Scroll Shop.
 20776 | Orc:1    | Bought a scroll of enchant weapon for 75 gold pieces
 21008 | Orc:2    | Entered Level 2 of the Orcish Mines
 21008 | Orc:2    | Noticed an orc warlord
 21022 | Orc:2    | Killed an orc warlord
 21145 | Orc:2    | Found a staircase to the Elven Halls.
 21283 | Orc:2    | Noticed Saint Roka
 21297 | Orc:2    | HP: 32/138 [orc warrior/+3 glaive[Saint Roka] (17)]
 21304 | Orc:2    | HP: 16/138 [Saint Roka/divine providence (14)]
 21312 | Orc:2    | HP: 13/138 [Saint Roka/+2 long sword (8)]
 21320 | Orc:2    | HP: 24/138 [Saint Roka/divine providence (14)]
 21321 | Orc:2    | Killed Saint Roka
 21754 | Orc:2    | Identified the +2 pair of boots "Mufud" {rF+ Dex+3}
                  | (Okawaru gifted it to you on level 2 of the Orcish Mines)
 21754 | Orc:2    | Received a gift from Okawaru
 22330 | Orc:2    | Found Obbap's Weapon Shoppe.
 22330 | Orc:2    | Found Zurch's Distillery.
 22333 | Orc:2    | Found Pirgh's Weapon Shop.
 22333 | Orc:2    | Found Opacopu's Magic Scroll Shoppe.
 22411 | Orc:2    | Bought a scroll of acquirement for 728 gold pieces
 22687 | Orc:2    | Acquired a manual of Shields
 22689 | Orc:2    | magus.rc [v1.9.6]
 22708 | Elf:1    | Entered Level 1 of the Elven Halls
 22874 | D:14     | Found a gate to the Vaults.
 23014 | D:14     | Reached skill level 9 in Throwing
 23101 | D:14     | Found a radiant altar of Vehumet.
 23112 | D:14     | You pick up a book of Displacement and begin reading...
 23443 | D:15     | Reached skill level 15 in Shields
 23452 | D:15     | Received a gift from Okawaru
 23458 | D:15     | Found a staircase to the Depths.
 23954 | D:15     | Reached skill level 15 in Fighting
 23972 | D:15     | Found Cheibriados's Comfort Zone.
 23972 | D:15     | Found a snail-covered altar of Cheibriados.
 23976 | D:15     | magus.rc [v1.9.6]
 23976 | D:15     | Bought the +10 Black Knight's barding {ponderous, rPois
                  | rN+} for 1077 gold pieces
 23976 | D:15     | Found the +10 Black Knight's barding {ponderous, rPois rN+}
 24134 | D:15     | Reached skill level 15 in Armour
 24501 | Snake:1  | Entered Level 1 of the Snake Pit
 24502 | Snake:1  | Noticed Kirke
 24504 | Snake:1  | Identified Roxanne's Guide on the Ground
 24504 | Snake:1  | Noticed Roxanne
 24533 | Snake:1  | Noticed a sphinx
 24539 | Snake:1  | Killed Kirke
 24549 | Snake:1  | Reached skill level 6 in Invocations
 24566 | Snake:1  | Reached XP level 16. HP: 72/149 MP: 14/21
 24958 | Snake:1  | Killed Roxanne
 24958 | Snake:1  | Received a gift from Okawaru
 25195 | Snake:1  | You add the spells Sandblast, Passwall, Lee's Rapid
                  | Deconstruction and Statue Form to your library.
 25606 | Snake:1  | You pick up a book of Conjurations {@e2} and begin
                  | reading...
 26086 | Snake:1  | Received a gift from Okawaru
 26246 | Snake:2  | Reached skill level 16 in Shields
 26470 | Snake:2  | Found an ancient bone altar of Kikubaaqudgha.
 26656 | Snake:2  | You pick up a book of Spectacle and begin reading...
 26656 | Snake:2  | You add the spells Dazzling Flash, Iskenderun's Mystic
                  | Blast and Starburst to your library.
 26990 | Snake:2  | Reached skill level 10 in Throwing
 27291 | Snake:2  | Reached skill level 7 in Invocations
 27400 | Snake:2  | magus.rc [v1.9.6]
 27404 | Snake:2  | magus.rc [v1.9.6]
 27443 | Snake:3  | Noticed Mara
 27466 | Snake:3  | Noticed Sanktem7's illusion
 27723 | Snake:3  | Noticed Donald
 27736 | Snake:3  | Killed Donald
 27738 | Snake:3  | h - a +3 double sword of holy wrath {longrare=g}
 27952 | Snake:3  | Reached skill level 17 in Shields
 27964 | Snake:3  | HP: 37/151 [poisoned by a naga mage (bolt of poison)]
 27969 | Snake:4  | Entered Level 4 of the Snake Pit
 27969 | Snake:4  | HP: 37/151 [poisoned by a naga mage (splash of poison)]
 27977 | Snake:4  | HP: 34/151 [mana viper (6)]
 28326 | Snake:3  | Reached skill level 16 in Fighting
 28425 | Snake:3  | Noticed Sanktem7's illusion
 28444 | Snake:3  | HP: 37/151 [Sanktem7's illusion (illusionary)[Mara] (9)]
 28449 | Snake:3  | HP: 21/151 [poisoned by a black mamba]
 28459 | Snake:3  | HP: 32/151 [Mara/bolt of fire (8)]
 28869 | Snake:3  | Noticed Sanktem7's illusion
 28882 | Snake:3  | Noticed Sanktem7's illusion
 29216 | Snake:4  | Identified the +8 broad axe of Bloodstone {antimagic,
                  | rElec} (Okawaru gifted it to you on level 4 of the Snake
                  | Pit)
 29216 | Snake:4  | Received a gift from Okawaru
 29279 | Snake:4  | Reached skill level 16 in Armour
 30214 | Snake:4  | Found Kiseaschamm's Jewellery Shoppe.
 30214 | Snake:4  | Found Kohilusch's Book Boutique.
 30215 | Snake:4  | Found Detheij's Jewellery Shoppe.
 30225 | Snake:4  | magus.rc [v1.9.6]
 30225 | Snake:4  | Bought an amulet of regeneration for 330 gold pieces
 30229 | Snake:4  | Bought the ring "Micih" {rF+ rCorr Str-3 Int+3 SInv} for
                  | 588 gold pieces
 30316 | Snake:4  | Reached skill level 8 in Invocations
 30334 | Snake:4  | HP: 37/151 [nagaraja/+0 spear (12)]
 30801 | Snake:4  | Received a gift from Okawaru
 31008 | Snake:4  | Received a gift from Okawaru
 31013 | Snake:4  | Got a serpentine rune of Zot
 31288 | Lair:2   | Acquired 545 gold pieces
 31290 | Lair:2   | magus.rc [v1.9.6]
 31333 | Shoals:1 | Entered Level 1 of the Shoals
 31342 | Shoals:1 | Reached skill level 18 in Shields
 31515 | Shoals:1 | You fall into a shaft and drop 1 floor!
 31516 | Shoals:2 | Noticed Polyphemus
 31526 | Shoals:2 | Reached XP level 17. HP: 139/159 MP: 6/24
 31530 | Shoals:2 | Killed Polyphemus
 31530 | Shoals:2 | Received a gift from Okawaru
 31565 | Shoals:2 | Reached skill level 1 in Evocations
 31571 | Shoals:2 | Received a gift from Okawaru
 32327 | Shoals:3 | Found a runed translucent gate.
 32327 | Shoals:3 | Found a runed translucent gate.
 32468 | Shoals:3 | Found a runed translucent gate.
 32469 | Shoals:3 | Noticed Seidenschwarz's ghost (adept MiFi)
 32494 | Shoals:3 | Reached skill level 2 in Evocations
 32629 | Shoals:3 | Reached skill level 17 in Fighting
 32780 | Shoals:3 | Reached skill level 9 in Invocations
 33040 | Shoals:4 | Entered Level 4 of the Shoals
 33175 | Shoals:4 | Received a gift from Okawaru
 33446 | Shoals:4 | Reached skill level 3 in Evocations
 33543 | Shoals:4 | HP: 37/162 [merfolk javelineer/silver javelin (10)]
 33894 | Shoals:4 | Reached skill level 17 in Armour
 33987 | Shoals:4 | You drop a +3 double sword of holy wrath {longrare=g}.
 33990 | Shoals:4 | h - a +3 double sword of holy wrath {longrare=g}
 34031 | Shoals:4 | Reached skill level 19 in Shields
 34094 | Shoals:4 | HP: 35/163 [drowned by a water nymph (8)]
 34099 | Shoals:4 | HP: 6/163 [drowned by a water nymph (12)]
 34100 | Shoals:4 | Drowned by a water nymph

Vanquished Creatures
  Saint Roka (Orc:2)
  Kirke (Snake:1)
  Polyphemus (Shoals:2)
  Donald (Snake:3)
  Roxanne (Snake:1)
  6 nagarajas
  An orc warlord (Orc:2)
  3 merfolk javelineers
  Josephine (D:10)
  A merfolk impaler (Shoals:4)
  A fire dragon (Lair:5)
  An ettin (Orc:1)
  A boulder beetle (D:12)
  A vault guard (D:14)
  4 salamander tyrants
  6 hydras
  A catoblepas (Shoals:2)
  4 ogre magi
  3 merfolk avatars
  An alligator snapping turtle (Shoals:3)
  17 two-headed ogres
  7 anacondas
  7 naga warriors
  3 merfolk aquamancers
  4 centaur warriors (D:14)
  5 satyrs
  6 shock serpents
  2 death yaks (Shoals:2)
  A vampire mage (D:15)
  4 naga sharpshooters
  Sonja (Lair:1)
  2 salamander mystics
  3 skeletal warriors
  3 sea snakes
  A golden dragon zombie (D:15)
  A swamp dragon (Lair:5)
  2 naga ritualists (Snake:2)
  A deep elf archer (Volcano)
  The ghost of Seidenschwarz the Cleaver, a novice MiFi of Okawaru (D:7)
  A wizard (D:9)
  A necromancer (D:15)
  3 wolf spiders (Lair:5)
  4 harpies (Shoals:4)
  A stone giant zombie (D:15)
  9 salamanders
  7 mana vipers
  10 deep elf pyromancers
  2 orc sorcerers
  8 fauns
  6 ugly things
  7 cyclopes
  18 manticores
  10 elephants
  31 black mambas
  8 naga magi
  Maurice (D:8)
  5 water nymphs
  6 merfolk sirens
  2 torpor snails
  13 cane toads
  2 unseen horrors
  2 guardian serpents
  Joseph (D:7)
  2 gargoyles
  6 rime drakes
  A freezing wraith (D:14)
  2 kobold demonologists
  7 komodo dragons
  Maggie (Lair:2)
  An efreet (D:14)
  A komodo dragon (shapeshifter) (D:15)
  A yaktaur (D:14)
  18 merfolk
  4 trolls
  A wind drake (Shoals:3)
  3 hornets (Lair:5)
  A polar bear (Lair:4)
  7 blink frogs
  An ettin zombie (D:15)
  17 slime creatures
  8 dream sheep
  4 snapping turtles
  7 wraiths
  11 water elementals
  A shadow (D:10)
  12 wyverns
  3 hogs
  7 basilisks
  76 yaks
  Grum (D:10)
  A vampire (D:11)
  6 fire elementals (Volcano)
  3 humans (Snake:1)
  A redback (Lair:5)
  3 steam dragons (Lair:5)
  10 vampire mosquitoes
  3 wargs
  29 nagas
  2 acid dragons (Lair:5)
  24 water moccasins
  4 hell hounds (Volcano)
  Duvessa (D:7)
  A sky beast (D:7)
  A floating eye zombie (D:15)
  A black bear (Lair:4)
  17 orc warriors
  A tengu (shapeshifter) (D:14)
  24 wolves
  7 centaurs
  27 ogres
  4 kobold brigands
  4 phantoms
  Blork the orc (D:4)
  14 bullfrogs
  A gnoll sergeant (D:9)
  A necrophage (D:6)
  2 scorpions
  9 wights
  Dowan (D:7)
  5 killer bees (D:11)
  7 howler monkeys
  13 electric eels
  3 jellies
  14 orc priests
  4 hounds
  2 gnoll boudas
  16 orc wizards
  8 iguanas
  Natasha (twice) (D:3)
  6 ogre zombies (D:12)
  5 adders
  13 gnolls
  A shadow imp (D:7)
  2 white imps
  3 dart slugs
  56 orcs
  8 ball pythons
  7 bats
  9 endoplasms
  4 giant cockroaches
  9 goblins
  6 hobgoblins
  7 jackals
  21 kobolds
  4 quokkas
  2 frilled lizards
  4 goblin zombies (D:12)
  5 hobgoblin zombies (D:12)
  2 orc skeletons (D:12)
  8 orc zombies (D:12)
932 creatures vanquished.

Vanquished Creatures (others)
  A naga mage (Snake:3)
  19 bushes
  10 demonic plants (D:2)
  22 fungi
  137 plants
  A withered plant (D:15)
190 creatures vanquished.

Grand Total: 1122 creatures vanquished

Table legend:
 A = Non-vault XP
 B = Vault XP
 C = Vault XP percentage of total XP
 D = Non-vault monster count
 E = Vault monster count
 F = Vault count percentage of total count
                 A         B        C        D         E       F
            +---------+---------+-------+---------+---------+-------
      Total |  155782 |  103290 |  39.9 |     637 |     293 |  31.5
            +---------+---------+-------+---------+---------+-------
        D:1 |      64 |       0 |   0.0 |      26 |       0 |   0.0
        D:2 |      32 |       0 |   0.0 |      17 |       0 |   0.0
        D:3 |      57 |      35 |  38.0 |      11 |       1 |   8.3
        D:4 |     252 |      91 |  26.5 |      25 |       1 |   3.8
        D:5 |     582 |      59 |   9.2 |      17 |       4 |  19.0
        D:6 |     493 |       0 |   0.0 |      15 |       0 |   0.0
        D:7 |     825 |    1247 |  60.2 |      24 |       4 |  14.3
        D:8 |    2048 |    1029 |  33.4 |      22 |       2 |   8.3
        D:9 |    3230 |    2590 |  44.5 |      23 |      15 |  39.5
       D:10 |    4107 |    2226 |  35.1 |      19 |       9 |  32.1
       D:11 |    4991 |       0 |   0.0 |      26 |       0 |   0.0
       D:12 |    4208 |    1902 |  31.1 |      22 |      30 |  57.7
       D:13 |    7498 |       0 |   0.0 |      15 |       0 |   0.0
       D:14 |   10285 |    4846 |  32.0 |      23 |       7 |  23.3
       D:15 |    3354 |    4674 |  58.2 |       9 |       8 |  47.1
     Lair:1 |    1180 |    1702 |  59.1 |       8 |       8 |  50.0
     Lair:2 |    7339 |    2835 |  27.9 |      31 |      11 |  26.2
     Lair:3 |    3240 |    2461 |  43.2 |      17 |       7 |  29.2
     Lair:4 |    5820 |     468 |   7.4 |      23 |       3 |  11.5
     Lair:5 |   11989 |   16520 |  57.9 |      47 |      61 |  56.5
   Shoals:1 |    2318 |       0 |   0.0 |       4 |       0 |   0.0
   Shoals:2 |    3009 |    3900 |  56.4 |       8 |       4 |  33.3
   Shoals:3 |   18386 |    1251 |   6.4 |      39 |       2 |   4.9
   Shoals:4 |    9623 |    7707 |  44.5 |      21 |      13 |  38.2
    Snake:1 |    8004 |    3245 |  28.8 |      16 |       4 |  20.0
    Snake:2 |   16737 |       0 |   0.0 |      31 |       0 |   0.0
    Snake:3 |   12172 |    1407 |  10.4 |      20 |       1 |   4.8
    Snake:4 |    7115 |   16023 |  69.2 |      14 |      30 |  68.2
      Orc:1 |    3496 |    1775 |  33.7 |      39 |       3 |   7.1
      Orc:2 |    3328 |   19224 |  85.2 |      25 |      47 |  65.3
    Volcano |       0 |    6073 | 100.0 |       0 |      18 | 100.0
            +---------+---------+-------+---------+---------+-------

Illustrated notes

Table legend:
 A = Kills in this place as a percentage of kills in entire the game.
 B = Kills by you in this place as a percentage of kills by you in the entire game.
 C = Kills by friends in this place as a percentage of kills by friends in the entire game.
 D = Other kills in this place as a percentage of other kills in the entire game.
 E = Experience gained in this place as a percentage of experience gained in the entire game.
 F = Experience gained in this place divided by the number of levels of this place that you have seen.
                   A       B       C       D       E      F
               +-------+-------+-------+-------+-------+----------------------
         Total | 100.0 | 100.0 |   N/A | 100.0 | 100.0 | 7850.7
       Dungeon |  40.3 |  40.4 |   N/A |   0.0 |  23.4 | 4048.3
          Lair |  23.2 |  23.3 |   N/A |   0.0 |  20.7 | 10710.8
        Shoals |   9.8 |   9.8 |   N/A |   0.0 |  17.8 | 11548.5
     Snake Pit |  12.5 |  12.4 |   N/A | 100.0 |  25.0 | 16175.8
  Orcish Mines |  12.3 |  12.3 |   N/A |   0.0 |  10.7 | 13911.5
       Volcano |   1.9 |   1.9 |   N/A |   0.0 |   2.3 | 6073.0
               +-------+-------+-------+-------+-------+----------------------

Table legend: (Time is in decaauts)
 A = Elapsed time spent in this place.
 B = Non-inter-level travel time spent in this place.
 C = Inter-level travel time spent in this place.
 D = Time resting spent in this place.
 E = Time spent auto-exploring this place.
 F = Levels seen in this place.
 G = Mean time per level.
                   A        B        C        D        E       F      G
               +--------+--------+--------+--------+--------+-----+--------+
         Total |  34036 |  32328 |   1708 |   3869 |  22570 |  33 | 1031.4 |
       Dungeon |  14829 |  13848 |    981 |    500 |  10996 |  15 |  988.6 |
        Temple |    128 |     90 |     38 |      8 |     61 |   1 |  128.0 |
          Lair |   7086 |   6759 |    327 |    809 |   4847 |   5 | 1417.2 |
        Shoals |   2799 |   2757 |     42 |    573 |   1480 |   4 |  699.8 |
     Snake Pit |   6354 |   6067 |    287 |   1290 |   3721 |   4 | 1588.5 |
  Orcish Mines |   2469 |   2436 |     33 |    602 |   1318 |   2 | 1234.5 |
   Elven Halls |      1 |      1 |      0 |      0 |      0 |   1 |    1.0 |
       Volcano |    367 |    367 |      0 |     87 |    146 |   1 |  367.0 |
               +--------+--------+--------+--------+--------+-----+--------+

Top non-repeatable levels by time:
 Snake:4: 2939 daAuts
  Lair:5: 2364 daAuts
Shoals:3: 1893 daAuts
  Lair:2: 1742 daAuts
 Snake:2: 1647 daAuts
     D:9: 1533 daAuts
   Orc:2: 1429 daAuts
     D:7: 1399 daAuts
 Snake:1: 1171 daAuts
    D:13: 1152 daAuts
     D:5: 1141 daAuts
    D:10: 1134 daAuts
  Lair:1: 1089 daAuts
   Orc:1: 1039 daAuts
    D:15: 993 daAuts
